Map: Eternal Empire LE

Players

LiquidMaNa (MaNa)

  • Race: Protoss Protoss
  • League: Grandmaster
  • Spawn Location: 1:00

Reynor - Winner!

  • Race: Zerg Zerg
  • Spawn Location: 7:00

Event: DreamHack SC2 Masters 2020 Summer Europe

VOD

Have the link to the VOD?

Description

Time

  • Played on: July 3, 2020, 11:40 a.m.
  • Length: 16:37

All games in this series

Show
View Real Time Build Order
Export as new Build Order

LiquidMaNa Protoss 

Build Orders: 1 Gate Expand, Oracle Opening, Zealot Archon 

Get SALT Encoding   

  12  0:00  Probe  
  13  0:12  Probe  
  14  0:19  Pylon  
  14  0:24  Probe  
  15  0:33  Probe  
  15  0:41  Probe  
  16  0:44  Gateway  
  17  0:50  Assimilator  
  17  0:52  Probe  
  18  1:04  Probe  
  19  1:16  Probe  
  20  1:28  Probe  
  20  1:31  Nexus  
  21  1:42  Cybernetics Core  
  21  1:44  Probe  
  22  1:51  Assimilator  
  22  1:56  Probe  
  22  2:01  Pylon  
  22  2:08  Probe  
  22  2:09  Adept  
  23  2:18  Warp Gate  
  23  2:21  Probe  
  26  2:33  Stalker, Probe  
  26  2:36  Stargate  
  27  2:43  Probe  
  30  2:45  Probe  
  30  2:51  Probe  
  31  2:57  Probe  
  33  2:59  Probe  
  34  3:09  Oracle, Probe  
  34  3:10  Probe  
  36  3:15  Pylon  
  39  3:21  Probe  
  39  3:22  Adept, Probe  
  43  3:31  Gateway  
  43  3:34  Probe x2  
  44  3:37  Oracle  
  44  3:38  Pylon  
  45  3:46  Probe x2  
  50  3:58  Probe  
  50  3:59  Probe  
  52  4:06  Adept  
  54  4:11  Nexus  
  54  4:14  Pylon  
  54  4:17  Probe x2  
  56  4:25  Adept  
  58  4:33  Probe  
  58  4:34  Assimilator  
  58  4:35  Assimilator, Nexus  
  59  4:41  Forge, Twilight Council  
  59  4:44  Shield Battery, Probe  
  59  4:45  Probe  
  61  4:51  Robotics Facility  
  61  4:54  Protoss Ground Weapons Level 1  
  61  4:56  Probe  
  61  4:57  Sentry, Adept  
  66  5:00  Probe  
  67  5:07  Charge  
  67  5:08  Probe x2  
  69  5:17  Gateway x2  
  70  5:31  Pylon  
  69  5:37  Warp Prism  
  69  5:43  Pylon  
  71  5:51  Templar Archives  
  71  5:55  Gateway  
  71  5:56  Gateway, Probe x2  
  73  6:03  Gateway  
  73  6:07  Gateway  
  73  6:09  Probe x2  
  73  6:10  Probe  
  76  6:21  Probe x2  
  76  6:23  Assimilator, Probe  
  79  6:30  High Templar x4  
  87  6:33  Archon, Probe x2  
  87  6:34  Archon  
  87  6:35  Probe  
  90  6:40  Pylon  
  90  6:41  Pylon  
  90  6:43  Assimilator  
  90  6:45  Probe x2  
  93  6:47  Probe  
  93  6:57  Zealot x3  
  99  7:02  Zealot x4  
  99  7:03  Zealot  
  99  7:08  Pylon x2  
  109  7:10  Probe x2  
  111  7:21  Zealot x3  
  117  7:23  Protoss Ground Weapons Level 2  
  117  7:26  Probe  
  108  7:31  Probe x2  
  102  7:38  Immortal, Probe  
  103  7:50  Probe  
  102  7:54  High Templar x3  
  102  7:55  High Templar x3, Zealot x2  
  102  7:56  Probe x2  
  118  8:02  Probe  
  119  8:09  Probe, Pylon  
  119  8:10  Pylon  
  120  8:15  Observer  
  120  8:17  Sentry, Archon x3  
  120  8:18  Sentry, Nexus  
  124  8:28  Immortal  
  124  8:30  High Templar  
  124  8:31  High Templar, Zealot x4  
  124  8:33  Probe  
  124  8:34  Probe x2  
  139  8:40  Nexus  
  143  8:42  Psionic Storm  
  143  8:43  Pylon  
  143  8:52  Stalker x2  
  147  8:56  Assimilator, Pylon  
  147  9:01  Assimilator, Zealot  
  147  9:02  Zealot x3  
  155  9:03  Zealot  
  155  9:08  Photon Cannon  
  157  9:12  Photon Cannon  
  157  9:15  Photon Cannon  
  157  9:17  Shield Battery  
  157  9:18  High Templar  
  157  9:19  High Templar  
  157  9:20  Pylon  
  159  9:31  Zealot  
  159  9:34  Zealot x3  
  163  9:44  Sentry  
  153  9:48  Probe  
  153  9:52  Probe x2  
  150  9:58  Zealot  
  150  9:59  Zealot  
  151  10:02  Probe  
  151  10:04  Probe  
  151  10:05  Probe  
  149  10:14  Protoss Ground Weapons Level 3, Probe  
  145  10:16  High Templar x4  
  143  10:21  Gateway, Archon  
  143  10:22  Gateway, Archon  
  143  10:24  Gateway, Probe x2  
  143  10:26  Gateway  
  145  10:29  Pylon  
  145  10:30  Immortal  
  145  10:38  Pylon  
  145  10:43  Gateway x2  
  143  10:50  Blink  
  143  10:53  Probe x2  
  143  10:57  Photon Cannon, High Templar x5  
  147  10:59  Zealot  
  147  11:02  Archon  
  147  11:03  Archon  
  155  11:08  Pylon  
  155  11:10  Pylon  
  159  11:11  Immortal  
  159  11:12  Gateway  
  159  11:14  Gateway  
  159  11:18  Stalker x2  
  163  11:25  Stalker x2  
  158  11:37  Zealot x5  
  145  11:53  Stalker x4  
  133  12:00  Stalker x2  
  109  12:04  Probe x2  
  106  12:09  Stalker  
  106  12:11  Probe x2  
  109  12:16  Probe  
  109  12:18  High Templar x4  
  117  12:32  High Templar x2  
  117  12:33  Zealot x4  
  117  12:35  Probe  
  117  12:36  Archon  
  130  12:50  Stalker x3  
  136  12:57  Probe  
  130  13:01  Probe  
  130  13:04  Probe x2  
  121  13:08  High Templar x4  
  128  13:16  Stalker x2  
  131  13:20  Archon x2  
  131  13:26  Probe  
  128  13:30  Archon  
  128  13:31  Archon  
  128  13:34  Probe  
  128  13:35  Probe x2  
  128  13:38  Probe  
  128  13:39  High Templar  
  128  13:40  High Templar, Zealot x2  
  130  13:42  Probe  
  130  13:43  Probe  
  132  13:53  High Templar  
  134  13:55  Probe  
  134  13:56  Probe x2  
  134  13:58  Probe  
  138  14:03  Probe  
  138  14:04  Probe  
  138  14:05  Probe  
  141  14:10  Probe  
  141  14:12  Probe x2  
  144  14:18  High Templar x2, Probe  
  144  14:22  Probe  
  144  14:23  Probe  
  142  14:28  Archon  
  124  14:33  Probe x2  
  124  14:35  Probe x2  
  125  14:42  Archon  
  125  14:45  Probe x2  
  127  14:48  Probe x2  
  127  14:50  High Templar x2  
  133  14:57  Probe x2  
  133  15:00  Probe x2  
  133  15:04  Sentry  
  133  15:05  Zealot  
  139  15:08  Observer  
  139  15:13  Probe x2  
  139  15:14  Probe  
  131  15:17  Probe  
  135  15:21  Probe x2  
  135  15:22  Probe  
  138  15:29  Probe  
  138  15:32  Immortal  
  142  15:57  Gateway, Probe  
  142  15:58  Nexus, Pylon  
  143  16:07  Gateway  
  143  16:08  Sentry  
  143  16:09  Probe x2  
  146  16:13  Zealot x2  
  146  16:14  Zealot x2  
  145  16:20  Zealot x2  
  145  16:25  Probe x2  
  104  16:33  Zealot x2  
Show
View Real Time Build Order
Export as new Build Order

Reynor Zerg - Winner!

Build Orders: Hatch First 

Get SALT Encoding   

  12  0:00  Drone  
  13  0:09  Drone  
  14  0:15  Drone, Extractor  
  15  0:38  Hatchery  
  14  0:44  Overlord  
  14  0:51  Drone, Extractor  
  15  1:03  Drone x2  
  17  1:09  Drone  
  18  1:12  Extractor  
  17  1:18  Spawning Pool  
  17  1:21  Drone  
  17  1:27  Drone  
  18  1:38  Drone  
  19  1:48  Drone  
  19  1:50  Drone  
  21  2:04  Queen x2  
  21  2:05  Zergling x2  
  21  2:06  Zergling x2  
  27  2:11  Overlord  
  27  2:14  Drone  
  28  2:31  Drone x2  
  28  2:32  Drone  
  31  2:39  Drone  
  31  2:43  Hatchery  
  31  2:45  Metabolic Boost  
  31  2:47  Drone  
  31  2:50  Drone  
  33  2:54  Overlord  
  33  3:01  Queen  
  33  3:03  Drone  
  36  3:15  Drone x5  
  36  3:18  Overlord  
  41  3:21  Zergling x2  
  41  3:26  Drone  
  43  3:28  Drone  
  44  3:35  Queen  
  44  3:40  Drone, Zergling x2  
  48  3:43  Queen  
  48  3:45  Overlord  
  48  3:47  Zergling x4  
  52  3:53  Overlord  
  52  3:56  Drone x2  
  52  3:59  Zergling x2  
  54  4:03  Zergling x2  
  54  4:04  Queen  
  54  4:07  Zergling x2  
  58  4:11  Zergling x4  
  58  4:13  Drone x2  
  58  4:14  Roach Warren  
  61  4:18  Zergling x4  
  61  4:23  Drone, Spore Crawler  
  63  4:24  Spore Crawler  
  63  4:27  Evolution Chamber, Spore Crawler  
  63  4:28  Drone x2  
  63  4:32  Drone  
  63  4:34  Drone  
  65  4:38  Overlord  
  65  4:43  Drone  
  66  4:47  Overlord  
  65  4:54  Drone, Overlord  
  65  4:55  Drone x2  
  65  4:57  Drone  
  65  4:58  Drone x2  
  65  4:59  Drone x2  
  70  5:00  Drone  
  70  5:02  Drone  
  70  5:03  Zerg Melee Weapons Level 1  
  70  5:04  Drone  
  70  5:06  Drone  
  74  5:08  Drone  
  74  5:15  Drone  
  74  5:16  Drone  
  74  5:18  Lair  
  76  5:23  Drone x4, Extractor  
  76  5:26  Roach Warren  
  78  5:30  Drone x3  
  81  5:38  Drone x3  
  81  5:39  Overlord  
  81  5:40  Drone x2, Extractor  
  85  5:43  Pneumatized Carapace, Zergling x2, Hatchery  
  85  5:47  Drone x2  
  84  5:51  Drone x2  
  84  5:56  Drone x2  
  88  5:57  Extractor  
  88  5:59  Extractor  
  88  6:00  Drone x3  
  88  6:01  Drone x2  
  88  6:02  Extractor  
  88  6:03  Zergling x2  
  91  6:06  Zergling x2  
  91  6:09  Overlord, Baneling Nest  
  91  6:16  Drone x3  
  91  6:17  Drone  
  95  6:19  Overseer  
  95  6:21  Glial Reconstitution, Drone  
  95  6:23  Drone  
  97  6:28  Overlord, Spore Crawler  
  97  6:31  Evolution Chamber, Drone x3  
  98  6:35  Drone x4  
  98  6:38  Roach  
  104  6:40  Queen  
  104  6:41  Overlord  
  104  6:43  Spore Crawler  
  104  6:47  Roach x4  
  110  6:48  Drone  
  110  6:54  Overlord  
  113  6:55  Drone x2  
  113  6:56  Drone x2  
  113  6:57  Drone  
  122  7:01  Roach x3  
  122  7:05  Zerg Melee Weapons Level 2  
  124  7:09  Roach  
  124  7:12  Overlord  
  126  7:16  Roach x4  
  132  7:26  Roach x3  
  127  7:31  Roach x5  
  132  7:39  Queen  
  132  7:42  Drone x2  
  136  7:50  Drone x7  
  143  7:57  Overlord  
  143  8:05  Zerg Missile Weapons Level 1  
  143  8:10  Overlord  
  143  8:12  Hatchery, Drone x2  
  143  8:18  Roach, Zergling x12  
  150  8:21  Overlord  
  150  8:23  Zergling x2  
  150  8:27  Zergling x2  
  150  8:30  Zergling x2  
  150  8:32  Zergling x2  
  150  8:33  Overlord  
  152  8:36  Queen, Spire  
  152  8:38  Unknown, Zergling x12  
  156  8:41  Baneling x2  
  156  8:42  Baneling x6  
  156  8:44  Overlord  
  156  8:51  Zergling x6  
  156  8:54  Roach, Zergling x2  
  156  8:55  Zergling x2  
  163  8:56  Spore Crawler  
  163  9:00  Ravager x6  
  163  9:01  Baneling x8  
  163  9:02  Zergling x2  
  169  9:05  Zergling x4  
  169  9:06  Zergling x8  
  169  9:09  Overlord x2  
  175  9:10  Overlord  
  175  9:13  Overlord  
  175  9:21  Overlord  
  175  9:26  Baneling x5  
  175  9:27  Zergling x10  
  175  9:28  Baneling  
  175  9:29  Baneling x8  
  175  9:31  Zergling x10  
  176  9:41  Roach, Zergling x8  
  174  9:46  Zergling x14  
  178  9:52  Zergling x2  
  178  9:53  Zergling x10  
  178  9:57  Overlord  
  180  10:00  Zergling x10  
  180  10:03  Zergling x2  
  176  10:08  Zergling x6  
  176  10:13  Zerg Flyer Weapons Level 1  
  170  10:20  Baneling  
  170  10:21  Baneling x4, Infestation Pit  
  165  10:22  Centrifical Hooks  
  165  10:23  Mutalisk x6  
  165  10:24  Mutalisk  
  165  10:25  Ravager  
  180  10:29  Mutalisk x3, Spore Crawler, Spine Crawler  
  180  10:32  Mutalisk  
  186  10:36  Mutalisk x3  
  186  10:39  Mutalisk  
  194  10:43  Mutalisk x2  
  194  10:45  Zergling x2  
  194  10:49  Spine Crawler  
  196  10:50  Spine Crawler x2  
  196  10:51  Zergling x2  
  196  10:52  Zergling x8  
  196  10:54  Spine Crawler  
  196  10:55  Spine Crawler  
  196  10:56  Spine Crawler  
  196  10:58  Hive  
  196  11:00  Zergling x2  
  196  11:01  Zergling x6  
  196  11:03  Overlord  
  200  11:15  Baneling  
  200  11:16  Baneling x6  
  200  11:17  Baneling  
  200  11:19  Hatchery  
  200  11:20  Zergling x2  
  200  11:23  Baneling x12  
  200  11:33  Baneling x7  
  192  11:45  Zergling x2  
  192  11:46  Zergling x42  
  200  11:49  Zergling x8  
  182  11:54  Roach, Zergling x8  
  182  11:57  Queen, Zergling x4  
  166  12:02  Ravager x3  
  165  12:09  Roach, Zergling x8  
  165  12:12  Baneling x12  
  171  12:16  Drone  
  171  12:17  Drone x2  
  171  12:20  Drone x5  
  179  12:23  Zerg Missile Weapons Level 2, Zerg Melee Weapons Level 3  
  179  12:25  Drone, Adrenal Glands  
  179  12:26  Drone  
  179  12:29  Baneling  
  181  12:30  Baneling x5, Zergling x6  
  181  12:35  Drone x2  
  186  12:37  Zergling x2  
  186  12:38  Baneling x6  
  186  12:39  Drone  
  186  12:40  Drone  
  186  12:41  Drone  
  190  12:46  Zergling x4  
  190  12:49  Zergling x8  
  193  12:54  Baneling x6  
  187  13:03  Zergling x24  
  197  13:07  Zergling x2  
  197  13:08  Zergling x4  
  200  13:15  Greater Spire  
  198  13:25  Zergling x2  
  198  13:26  Zergling x8  
  198  13:30  Zergling x22  
  191  13:35  Zergling x6  
  191  13:36  Zergling x6  
  191  13:39  Zergling x6  
  187  13:44  Zergling x2  
  184  13:51  Zergling x18  
  193  13:55  Ravager  
  193  13:56  Ravager x4  
  193  13:57  Baneling x14  
  193  14:01  Zergling x2  
  199  14:15  Spore Crawler, Spine Crawler  
  199  14:16  Unknown  
  196  14:20  Baneling x8  
  196  14:23  Hatchery  
  195  14:28  Zergling x24  
  196  14:33  Zergling x26  
  188  14:46  Drone  
  188  14:47  Drone x3  
  188  14:48  Drone, Queen  
  188  14:51  Ravager  
  196  14:53  Baneling x6  
  196  14:54  Zergling x8  
  191  15:06  Zergling x2  
  191  15:07  Zergling x20  
  195  15:09  Zergling x6  
  185  15:15  Roach, Zergling x18  
  191  15:21  Corruptor x4  
  191  15:28  Baneling x16  
  199  15:49  Corruptor x2  
  195  15:59  Corruptor x2  
  185  16:04  Corruptor x2  
  185  16:06  Brood Lord x2  
  193  16:15  Zergling x26  
  191  16:18  Zergling x16  
  191  16:19  Zergling x8  
Tags
 
Add a new tag
Caveats
  • Supply blocks, unpowered buildings, or Contaminate may cause inaccurate times.
  • Supply counts are checked every 10 seconds.